 Dungeon Crawl Stone Soup version 0.19-a0-611-gb5a7e8d (webtiles) character file.

590 FitzyFitz the Carver (level 7, 0/40 HPs)
             Began as a Tengu Gladiator on June 12, 2016.
             Was a Believer of Uskayaw.
             Slain by a wyvern zombie (9 damage)
             ... on level 4 of the Dungeon.
             The game lasted 00:13:14 (4532 turns).

FitzyFitz the Carver (Tengu Gladiator)              Turns: 4532, Time: 00:13:14

Health: 0/40       AC:  4    Str: 15    XL:     7   Next: 39%
Magic:  8/8        EV: 13    Int: 10    God:    Uskayaw [**....]
Gold:   283        SH:  0    Dex: 15    Spells: 0 memorised, 6 levels left

rFire  . . .     SeeInvis .     a - +0 long sword
rCold  . . .     Gourm    .     b - +0 leather armour
rNeg   . . .     Faith    .     (no shield)
rPois  .         Spirit   .     c - +0 hat
rElec  .         Dismiss  .     (no cloak)
rCorr  .         Reflect  .     A - +0 pair of gloves
SustAt .         Harm     .     (boots unavailable)
MR     .....                    l - amulet of magic regeneration
Stlth  +.........               (no ring)
                                (no ring)

@: not resistant to hostile enchantments, very unstealthy
A: beak, talons 3, able to fly 1
a: Fly, Stomp, Line Pass, Renounce Religion


You were on level 4 of the Dungeon.
You worshipped Uskayaw.
Uskayaw was pleased with you.
You were not hungry.

You visited 2 branches of the dungeon, and saw 5 of its levels.
You also visited: Sewer.

You collected 283 gold pieces.

Inventory:

Hand Weapons
 a - a +0 long sword (weapon)
 e - a +0 hunting sling
 h - a +0 dagger
 n - a +0 long sword
 q - a +0 long sword
 t - a +0 rapier
 E - a +0 dagger of speed
Missiles
 g - a throwing net (quivered)
 j - 43 sling bullets
 k - 171 stones
 m - 35 arrows
 s - 18 poisoned needles
 z - 5 tomahawks
Armour
 b - a +0 leather armour (worn)
 c - a +0 hat (worn)
 p - a +0 ring mail
 u - a troll hide {Purgy}
 y - a cursed +0 robe
 A - a +0 pair of gloves (worn)
 D - a cursed +0 leather armour
Jewellery
 l - an amulet of magic regeneration (around neck)
Scrolls
 r - 2 scrolls of recharging {unknown}
Potions
 i - a potion of agility
 v - a potion of flight
 w - a potion of curing {unknown}
 x - a potion of invisibility {unknown}
 B - a potion of brilliance
 C - a potion of mutation
Comestibles
 d - 3 chunks of flesh
 f - 4 bread rations
 o - 3 fruits


   Skills:
 - Level 2.0 Fighting
 + Level 9.1 Long Blades
 - Level 2.0 Throwing
 + Level 3.3 Dodging


You had 6 spell levels left.
You didn't know any spells.

Dungeon Overview and Level Annotations

Branches:
Dungeon (4/15)             Temple (1/1) D:4

Altars:
Ashenzari
Cheibriados
Dithmenos
Elyvilon
Fedhas
Gozag
Hepliaklqana
Kikubaaqudgha
Makhleb
Okawaru
Pakellas
Qazlal
Ru
Sif Muna
Trog
Uskayaw
Vehumet
Yredelemnul
Zin
The Shining One

Shops:
D:4 [


Innate Abilities, Weirdness & Mutations

You have a beak for a mouth.
You have claws for feet.
You can fly.


Message History

Unknown command.
Unknown command.
A wyvern zombie comes into view.
The wyvern zombie barely misses you.
You slash the wyvern zombie! You claw the wyvern zombie.
Your peck misses the wyvern zombie. The wyvern zombie closely misses you.
The wyvern zombie bites you!
You hit the wyvern zombie but do no damage.
You claw the wyvern zombie, but do no damage.
You peck the wyvern zombie, but do no damage.
The wyvern zombie misses you.
You hit the wyvern zombie. You claw the wyvern zombie.
You peck the wyvern zombie. The wyvern zombie bites you!
You slash the wyvern zombie! The wyvern zombie bites you!
* * * LOW HITPOINT WARNING * * *
You can now pass through a line of other dancers.
You barely miss the wyvern zombie.
The wyvern zombie bites you but does no damage.
The wyvern zombie bites you!
You die...

.# #.....................#
## #.....................#
# ##..[.................#
# ##.................).# #
#..###....###.......# #
##.###...#.###....(..# #
#..##...##..#........# #
#...........Z...!....# ##
#...........@#.......#
.####...........######<###
.##.............# #.#
....#.........).# #.#
.####...........### #.###
.# #.............# #...##
.# #..........##.####.#..#
.##
#..........#.....#....#
..#
#......)...#∩..#.#.._.#


You could see a wyvern zombie.

Vanquished Creatures
  Purgy (Sewer)
  A scorpion (D:4)
  A jelly (D:3)
  A centaur skeleton (D:4)
  2 hounds (D:4)
  A giant frog skeleton (D:4)
  Ijyb (D:3)
  An iguana (D:4)
  Jessica (D:2)
  A worker ant (D:4)
  8 adders
  An ooze (D:3)
  3 dart slugs
  2 worms
  5 giant geckos
  9 orcs
  4 giant cockroaches
  13 goblins
  10 hobgoblins
  7 jackals
  2 quokkas (D:2)
  A ball python (D:2)
  5 bats
  3 giant newts
  A jackal skeleton (D:3)
  8 kobolds
  7 rats
100 creatures vanquished.

Notes
Turn   | Place    | Note
--------------------------------------------------------------
     0 | D:1      | FitzyFitz the Tengu Gladiator began the quest for the Orb.
     0 | D:1      | Reached XP level 1. HP: 12/12 MP: 2/2
   116 | D:1      | Reached skill level 4 in Long Blades
   116 | D:1      | Reached XP level 2. HP: 13/17 MP: 3/3
   689 | D:1      | Reached XP level 3. HP: 21/21 MP: 4/4
   979 | D:2      | Found a white marble altar of Elyvilon.
  1115 | D:2      | Reached skill level 5 in Long Blades
  1239 | D:2      | Found a burning altar of Makhleb.
  1254 | D:2      | Reached XP level 4. HP: 25/26 MP: 5/5
  1263 | D:2      | Noticed Jessica
  1271 | D:2      | Killed Jessica
  1671 | D:2      | Found a glowing golden altar of the Shining One.
  1671 | D:2      | Found a snail-covered altar of Cheibriados.
  1844 | D:2      | Found a hazy altar of Hepliaklqana.
  2002 | D:3      | Reached skill level 6 in Long Blades
  2004 | D:3      | Gained mutation: You can fly. [Tengu growth]
  2004 | D:3      | Reached XP level 5. HP: 29/30 MP: 6/6
  2404 | D:3      | Noticed Ijyb
  2427 | D:3      | Killed Ijyb
  2458 | D:3      | Found a shadowy altar of Dithmenos.
  3063 | D:3      | Reached skill level 7 in Long Blades
  3063 | D:3      | Reached XP level 6. HP: 28/35 MP: 7/7
  3415 | D:4      | Found a staircase to the Ecumenical Temple.
  3425 | Temple   | Entered the Ecumenical Temple
  3596 | D:4      | Found Qaopamab's Armour Boutique.
  3598 | D:4      | Found a hide-covered altar of Uskayaw.
  3602 | D:4      | Reached skill level 8 in Long Blades
  3612 | D:4      | Found a bloodstained altar of Trog.
  3616 | D:4      | Became a worshipper of Uskayaw the Reveler
  3657 | D:4      | Reached * piety under Uskayaw
  3799 | D:4      | Found a glowing drain.
  3804 | Sewer    | Entered a sewer
  4095 | Sewer    | Reached XP level 7. HP: 37/40 MP: 8/8
  4101 | Sewer    | Reached ** piety under Uskayaw
  4156 | Sewer    | Noticed Purgy
  4168 | Sewer    | Killed Purgy
  4401 | D:4      | Reached skill level 9 in Long Blades
  4532 | D:4      | Slain by a wyvern zombie

Vault maps used:
D:1:      dpeg_arrival_windows_large_door
D:2:      lemuel_doored_altar, elyvilon_altar_4, marbit_many_paths,
          gammafunk_temple_overflow_pools, uniq_jessica
D:3:      nicolae_overflow_crystal_walls, uniq_iyjb
D:4:      bloody_trog, lemuel_crystal_altar, minmay_temple_entry_crystal_x,
          portal_sewer_entry_e, serial_shops, shop
Temple:   circular_temple_pool_12
Sewer:    sewer_the_crocodile

Skill      XL: |  1  2  3  4  5  6  7 |
---------------+----------------------+-----
Long Blades    | 4 5 6 7 8 9 |  9.1
Fighting       | |  2.0
Throwing       | |  2.0
Dodging        | |  3.3

Action                   |  1- 3 |  4- 6 |  7- 9 || total
-------------------------+-------+-------+-------++-------
Melee: Long sword        |    93 |   178 |    30 ||   301
       Kick              |    22 |    49 |     8 ||    79
       Peck              |    15 |    35 |     6 ||    56
 Fire: Hunting sling     |       |    13 |       ||    13
Throw: Throwing net      |       |    10 |     1 ||    11
       Stone             |       |     2 |     2 ||     4
 Abil: Fly               |       |     1 |       ||     1
  Use: Potion            |     3 |     1 |     2 ||     6
       Scroll            |       |     8 |       ||     8
 Stab: Sleeping          |     1 |     2 |       ||     3
       Held in net/web   |       |     3 |       ||     3
  Eat: Chunk             |     1 |     6 |       ||     7
       Bread ration      |       |     1 |       ||     1
       Pizza             |       |     1 |       ||     1
Armor: Leather armour    |    20 |    39 |     9 ||    68
Dodge: Dodged            |    89 |   113 |    19 ||   221
